 Dungeon Crawl Stone Soup version 0.31-a0-200-gbc41564c69 (webtiles) character file.

Game seed: 13927398662126399951

62 qw the Shooter (level 3, -9/20 HPs)
             Began as a Deep Elf Hunter on June 25, 2023.
             Mangled by a worm (10 damage)
             ... on level 3 of the Dungeon.
             The game lasted 00:00:36 (1771 turns).

qw the Shooter (Deep Elf Hunter)                    Turns: 1771, Time: 00:00:37

Health: -9/20      AC:  4    Str: 10    XL:     3   Next: 85%
Magic:  5/5        EV: 12    Int: 13    God:
Gold:   116        SH:  0    Dex: 18    Spells: 2/2 levels left

rFire   + . .        Y - +0 shortbow
rCold   + . .        (shield currently unavailable)
rNeg    . . .        c - +0 leather armour
rPois   .            a - +0 helmet
rElec   +            d - scarf {rC+ rF+}
rCorr   .            (no gloves)
SInv    +            (no boots)
Will    .....        (no amulet)
Stlth   +++          b - ring of the Duke {+Blink rElec SInv Stlth+}
HPRegen 0.23/turn    (no ring)
MPRegen 0.09/turn

%: no passive effects
@: about to teleport
A: no striking features
a: Evoke Blink


You were on level 3 of the Dungeon.
You visited 1 branch of the dungeon, and saw 3 of its levels.

You collected 116 gold pieces.


   Skills:
 - Level 1.5 Fighting
 + Level 7.3 Ranged Weapons
 - Level 2.4 Dodging
 - Level 1.2 Stealth


You had 2 spell levels left.
You didn't know any spells.
Your spell library was empty.

Inventory:

Hand Weapons
 Y - a +0 shortbow (weapon)
Armour
 a - a +0 helmet (worn)
 c - a +0 leather armour (worn)
 d - a scarf of resistance (worn)
Jewellery
 b - the ring of the Duke (left hand) {+Blink rElec SInv Stlth+}
   (You acquired it on level 2 of the Dungeon)

   [ring of see invisible]

   rElec:     It insulates you from electricity.
   SInv:      It lets you see invisible.
   +Blink:    It lets you blink.
   Stlth:     It makes you more stealthy.
Scrolls
 h - 2 scrolls of teleportation
 j - a scroll of fog {unknown}
 k - a scroll of identify {unknown}
Potions
 e - a potion of might {unknown}
 f - a potion of cancellation
 g - a potion of curing
 i - a potion of attraction {unknown}

Dungeon Overview and Level Annotations

Branches:
Dungeon (3/15)

Altars:


Message History

Enter note:
Enter note: You shoot an arrow.
The arrow hits the worm.
The worm is moderately wounded.
A frilled lizard comes into view.
You shoot an arrow. The arrow barely misses the worm.
You shoot an arrow. The arrow hits the worm!
The worm is severely wounded.
You shoot an arrow.
The arrow closely misses the frilled lizard.
You shoot an arrow.
The arrow closely misses the frilled lizard.
You shoot an arrow. The arrow hits the frilled lizard.
You kill the frilled lizard!
You shoot an arrow.
The arrow completely misses the frilled lizard.
You shoot an arrow.
The arrow barely misses the frilled lizard.
The frilled lizard misses you.
You shoot an arrow.
The arrow hits the frilled lizard but does no damage.
The frilled lizard bites you.
You shoot an arrow.
The arrow closely misses the frilled lizard.
The frilled lizard bites you but does no damage.
The frilled lizard bites you.
You shoot an arrow. The arrow hits the worm.
The worm is heavily wounded.
The worm bites you!
The frilled lizard bites you but does no damage.
You shoot an arrow. The arrow barely misses the worm.
The frilled lizard closely misses you.
You shoot an arrow. The arrow barely misses the worm.
The worm bites you! The frilled lizard barely misses you.
1771 ||| READING 3 scrolls of teleportation.
As you read the scroll of teleportation, it crumbles to dust.
You feel strangely unstable. The frilled lizard bites you. The worm bites you!
Ouch! That really hurt!
You die...

.#.##..#..#........#..##....
. .......#........#..##....
...................##....
..................>.######
#.#.#...###..####........
#.#.##..###..............
.........##..####........
#.......###.....#........
###....l@.......#.#######
#......w.......#..
........$..<.......
..[.....%..........
...................
................
................
...............


You could see a worm and a frilled lizard.

Vanquished Creatures
  An adder (D:2)
  A worm (D:2)
  2 dart slugs
  4 endoplasms (D:1)
  4 giant cockroaches
  6 goblins
  5 hobgoblins
  4 kobolds
  2 quokkas (D:1)
  3 ball pythons
  4 bats
  4 frilled lizards
  3 rats
43 creatures vanquished.

Notes
Turn   | Place    | Note
-------+----------+-------------------------------------------
     0 | D:1      | qw the Deep Elf Hunter began the quest for the Orb.
     0 | D:1      | Reached XP level 1. HP: 12/12 MP: 3/3
     0 | D:1      | 0 ||| qw: Version: 0.3-a-22-g0ed2b0b
     0 | D:1      | 0 ||| qw: Game counter: 5656
     0 | D:1      | 0 ||| qw: Melee chars always use a shield: true
     0 | D:1      | 0 ||| qw: God list: Okawaru
     0 | D:1      | 0 ||| qw: Allow faded altars: false
     0 | D:1      | 0 ||| qw: Do Orc after clearing Dungeon:15 true
     0 | D:1      | 0 ||| qw: Do second Lair branch before Depths: true
     0 | D:1      | 0 ||| qw: Lair rune preference: random
     0 | D:1      | 0 ||| qw: Goals: Normal
     0 | D:1      | 0 ||| PLANNING D:1-11
    61 | D:1      | 61 ||| FLEEEEING.
   149 | D:1      | Reached XP level 2. HP: 16/16 MP: 4/4
   151 | D:1      | Reached skill level 6 in Ranged Weapons
   448 | D:1      | Reached XP level 3. HP: 20/20 MP: 5/5
   603 | D:1      | 603 ||| READING scroll labelled BITASI XOOXUDA.
   604 | D:1      | 604 ||| READING 3 scrolls labelled REAZYKK UCEMM.
   609 | D:1      | 609 ||| READING scroll labelled UMYALI WAYSILE.
   710 | D:1      | 710 ||| DRINKING 2 bubbling brown potions.
   711 | D:1      | 711 ||| DROPPING scroll of butterflies.
  1178 | D:2      | Reached skill level 7 in Ranged Weapons
  1609 | D:2      | 1609 ||| UPGRADING to +0 helmet.
  1614 | D:2      | 1614 ||| UPGRADING to scarf of resistance.
  1619 | D:2      | 1619 ||| READING scroll labelled CAAJIJE RODWUZAF.
  1619 | D:2      | Identified a scroll of acquirement
  1619 | D:2      | 1619 ||| ACQUIRING ring of the Duke {+Blink rElec SInv
                  | Stlth+}
  1619 | D:2      | Acquired the ring of the Duke {+Blink rElec SInv Stlth+}
  1621 | D:2      | 1621 ||| UPGRADING to ring of the Duke {+Blink rElec SInv
                  | Stlth+}.
  1622 | D:2      | 1622 ||| DRINKING 2 black potions.
  1663 | D:3      | 1663 ||| STAIRDANCE
  1770 | D:3      | HP: 2/20 [worm (8)]
  1771 | D:3      | 1771 ||| READING 3 scrolls of teleportation.
  1771 | D:3      | Mangled by a worm

Levels and vault maps discovered:
D:1:      eino_arrival_water_star, layout_loops_ring, dk_noncrumbling_3
D:2:      layout_loops_corners, serial_rivers, chequers_serial_rivers_micro_a,
          chequers_serial_rivers_micro_c, chequers_serial_rivers_marsh,
          chequers_serial_rivers_micro_d, chequers_serial_rivers_small_3,
          hangedman_decor_clover_reticule, minivault_27
D:3:      layout_basic, kennysheep_potato

Skill      XL: |  1  2  3 |
---------------+----------+-----
Ranged Weapons | 6 7 |  7.3
Fighting       | |  1.5
Dodging        | |  2.4
Stealth        | |  1.2

Action                     || total
---------------------------++-------
   Fire: Shortbow          ||   115
    Use: Scroll            ||     5
         Potion            ||     2
 Armour: Leather armour    ||    14
  Dodge: Dodged            ||    28

Table legend:
 A = Non-vault XP
 B = Vault XP
 C = Vault XP percentage of total XP
 D = Non-vault monster count
 E = Vault monster count
 F = Vault count percentage of total count
                 A         B        C        D         E       F
            +---------+---------+-------+---------+---------+-------
      Total |      89 |       0 |   0.0 |      43 |       0 |   0.0
            +---------+---------+-------+---------+---------+-------
        D:1 |      46 |       0 |   0.0 |      26 |       0 |   0.0
        D:2 |      40 |       0 |   0.0 |      15 |       0 |   0.0
        D:3 |       3 |       0 |   0.0 |       2 |       0 |   0.0
            +---------+---------+-------+---------+---------+-------
